 Dungeon Crawl Stone Soup version 0.20-a0-1058-g0491fde (webtiles) character file.

62 taynancid the Shield-Bearer (level 4, 0/28 HPs)
             Began as a Gargoyle Fighter on Apr 26, 2017.
             Slain by a gnoll
             ... wielding a +0 halberd
              (7 damage)
             ... on level 3 of the Dungeon.
             The game lasted 00:04:34 (1765 turns).

taynancid the Shield-Bearer (Gargoyle Fighter)      Turns: 1765, Time: 00:04:35

Health: 0/28       AC: 10    Str: 20    XL:     4   Next: 8%
Magic:  4/4        EV:  7    Int:  9    God:
Gold:   48         SH:  9    Dex:  9    Spells: 3/3 levels left

rFire    . . .     SeeInvis .   a - +0 flail
rCold    . . .     Gourm    .   c - +0 shield
rNeg     + . .     Faith    .   b - +0 scale mail
rPois    ∞         Spirit   .   m - +0 hat
rElec    +         Reflect  .   (no cloak)
rCorr    .         Harm     .   (no gloves)
MR       .....                  (no boots)
Stlth    ..........             (no amulet)
Regen    0.1/turn               (no ring)
MPRegen  0.1/turn               (no ring)

@: no status effects
A: negative energy resistance 1, electricity resistance, unbreathing,
petrification resistance, rot immunity, AC +3
a: no special abilities


You were on level 3 of the Dungeon.
You were not hungry.

You visited 1 branch of the dungeon, and saw 3 of its levels.

You collected 48 gold pieces.

Inventory:

Hand Weapons
 a - a +0 flail (weapon)
Armour
 b - a +0 scale mail (worn)
 c - a +0 shield (worn)
 m - a +0 hat (worn)
Scrolls
 e - a scroll of enchant weapon {unknown}
 h - a scroll of enchant armour {unknown}
 i - a scroll of teleportation {unknown}
 j - a scroll of remove curse {unknown}
 k - a scroll of immolation {unknown}
 p - 3 scrolls of identify {unknown}
Potions
 d - a potion of might
 n - a potion of mutation {unknown}
 o - 2 potions of curing {unknown}
Comestibles
 f - 2 bread rations
 g - a royal jelly
 l - 2 fruits


   Skills:
 + Level 3.4 Fighting
 * Level 3.0 Maces & Flails
 + Level 3.7 Armour
 + Level 0.2 Dodging
 + Level 4.0 Shields


You had 3 spell levels left.
You didn't know any spells.

Dungeon Overview and Level Annotations

Branches:
Dungeon (3/15)

Altars:
Kikubaaqudgha


Innate Abilities, Weirdness & Mutations

You are resistant to torment.
Your stone body is resilient. (AC +3)
You are immune to poison.
You resist negative energy. (rN+)
You are resistant to electric shocks. (rElec)
You can survive without breathing.
You are immune to petrification.
You are immune to rotting.


Message History

The gnoll hits you from afar with a halberd.
You hit the gnoll sergeant but do no damage.
The gnoll sergeant is heavily wounded.
The gnoll sergeant closely misses you. You block the gnoll's attack.
The gnoll sergeant hits you but does no damage.
You hit the gnoll sergeant.
The gnoll sergeant is heavily wounded.
The gnoll hits you but does no damage. The gnoll sergeant closely misses you.
You hit the gnoll sergeant.
The gnoll sergeant is severely wounded.
The gnoll hits you from afar with a halberd.
* * * LOW HITPOINT WARNING * * *
You block the gnoll sergeant's attack.
You closely miss the gnoll sergeant.
The gnoll sergeant is severely wounded.
You block the gnoll's attack. You block the gnoll sergeant's attack.
You closely miss the gnoll sergeant.
The gnoll sergeant is severely wounded.
The gnoll hits you from afar with a halberd!
You die...

############
#......@ggg#############
#.#######g.............#
#.# #..###########.. #.#
#..# #.# #.#######..#
#.# #.##.......# #.#
#.##.#####.# #.# #.##.#
#.# #.# #.##(## #.# #.#


You could see a gnoll sergeant and 3 gnolls.

Vanquished Creatures
  An adder (D:2)
  A gnoll (D:3)
  An ooze (D:2)
  2 leopard geckos (D:1)
  4 bats
  2 giant cockroaches
  7 goblins
  8 hobgoblins
  3 kobolds (D:1)
  2 frilled lizards
  4 rats
35 creatures vanquished.

Notes
Turn   | Place    | Note
-------+----------+-------------------------------------------
     0 | D:1      | taynancid the Gargoyle Fighter began the quest for the Orb.
     0 | D:1      | Reached XP level 1. HP: 14/14 MP: 1/1
   198 | D:1      | Reached XP level 2. HP: 15/19 MP: 2/2
   547 | D:1      | Reached XP level 3. HP: 19/23 MP: 3/3
  1169 | D:2      | Found an ancient bone altar of Kikubaaqudgha.
  1220 | D:2      | Reached skill level 4 in Shields
  1729 | D:3      | Noticed a gnoll sergeant
  1754 | D:3      | Reached XP level 4. HP: 28/28 MP: 4/4
  1765 | D:3      | Slain by a gnoll

Vault maps used:
D:1:      dpeg_arrival_castle, serial_forest, infiniplex_forest_lined_3,
          infiniplex_forest_straight_2, infiniplex_forest_clump_small,
          infiniplex_forest_clump_curved, infiniplex_forest_zigzag_1,
          infiniplex_forest_3_way, infiniplex_forest_3_way
D:2:      overflow_temple_1_default
D:3:      first_bread, chequers_ecumenical_altar_simple_redux,
          minmay_misc_feat_iff, solitary_fountain, minmay_unequal

Skill      XL: |  1  2  3 |
---------------+----------+-----
Shields        | 4 |  4.0
Maces & Flails | 3 |  3.0
Fighting       | |  3.4
Armour         | |  3.7
Dodging        | |  0.2

Action                   |  1- 3 |  4- 6 || total
-------------------------+-------+-------++-------
Melee: Flail             |   150 |    10 ||   160
  Eat: Chunk             |     3 |       ||     3
Armor: Scale mail        |    74 |     4 ||    78
Dodge: Dodged            |    36 |     4 ||    40
Block: Shield            |    90 |     9 ||    99
